 Dungeon Crawl Stone Soup version 0.31.0-12-g77e489cdc1 (webtiles) character file.

Game seed: 992905243899310236

95581 KKCryptic the Markself (level 15, -2/82 HPs)
             Began as a Deep Elf Hexslinger on Feb 21, 2024.
             Was a High Priest of Hepliaklqana.
             Killed by the air
             ... invoked by a spriggan air mage
              (14 damage)
             ... on level 4 of the Swamp on Feb 29, 2024.
             The game lasted 02:27:07 (20592 turns).

KKCryptic the Markself (Deep Elf Hexslinger)       Turns: 20592, Time: 02:27:09

Health: -2/82      AC: 14    Str:  5    XL:     15   Next: 66%
Magic:  24/31      EV: 26    Int: 20    God:    Hepliaklqana [*****.]
Gold:   704        SH:  0    Dex: 38    Spells: 0/34 levels left

rFire   + . .        F - +5 orcbow (drain)
rCold   + . .        (shield currently unavailable)
rNeg    + . .        c - +2 robe {rN+}
rPois   .            f - +1 helmet
rElec   .            x - +2 cloak {Stlth+}
rCorr   +            V - +2 pair of gloves {Dex+3}
SInv    .            A - +1 pair of boots
Will    +....        U - amulet of Hitot {Acrobat rF+ rCorr Dex+6}
Stlth   ++++++++     B - ring of Midsummer {rC+ Stlth+}
HPRegen 0.33/turn    w - +6 ring of dexterity
MPRegen 0.22/turn

%: acrobat
@: studying Axes
A: reduced essence
a: Renounce Religion, Recall Ancestor, Ancestor Identity, Transference, Idealise


You were on level 4 of the Swamp.
You worshipped Hepliaklqana.
Hepliaklqana was extremely pleased with you.
You visited 4 branches of the dungeon, and saw 24 of its levels.
You also visited: Bailey and Ice Cave.

You collected 1216 gold pieces.
You spent 512 gold pieces at shops.

Inventory:

Hand Weapons
 F - a +5 orcbow of draining (weapon)
 G - a +3 scimitar of flaming
Missiles
 a - 3 curare-tipped darts
 o - 8 atropa-tipped darts (quivered)
 v - 54 poisoned darts
Armour
 c - a +2 robe of positive energy (worn)
 f - a +1 helmet (worn)
 x - a +2 cloak of stealth (worn)
 A - a +1 pair of boots (worn)
 P - a +2 robe of fire resistance
 V - a +2 pair of gloves of dexterity (worn)
Jewellery
 d - a +4 ring of protection
 w - a +6 ring of dexterity (right hand)
 B - the ring of Midsummer (left hand) {rC+ Stlth+}
   (You found it on level 2 of the Swamp)

   [ring of protection from cold]

   rC+:       It protects you from cold.
   Stlth+:    It makes you more stealthy.
 I - a ring of protection from cold
 Q - a +5 ring of evasion
 R - a ring of willpower
 U - the amulet of Hitot (around neck) {Acrobat rF+ rCorr Dex+6}
   (You found it in an ice cave)

   [amulet of the acrobat]

   Acrobat:   It increases your evasion while moving and waiting.
   Dex+6:     It affects your dexterity (+6).
   rF+:       It protects you from fire.
   rCorr:     It protects you from acid and corrosion.
 Y - a ring of fire
Wands
 p - a wand of quicksilver (14)
 q - a wand of polymorph (26)
 u - a wand of flame (24)
 y - a wand of paralysis (11)
 E - a wand of mindburst (21)
 X - a wand of iceblast (4)
Scrolls
 b - 2 scrolls of poison
 i - 6 scrolls of vulnerability
 k - 3 scrolls of teleportation
 l - a scroll of revelation
 n - 4 scrolls of amnesia
 z - 3 scrolls of immolation
 D - 4 scrolls of fog
 K - 2 scrolls of brand weapon
 N - 2 scrolls of silence
 O - a scroll of summoning
 S - 2 scrolls of torment
Potions
 e - 3 potions of enlightenment
 g - 2 potions of resistance
 h - a potion of might {unknown}
 j - 2 potions of brilliance
 m - a potion of heal wounds
 r - 5 potions of magic
 s - 2 potions of mutation
 t - 11 potions of curing
 C - 3 potions of cancellation
 H - a potion of haste
 L - 2 potions of lignification
 W - 5 potions of ambrosia
 Z - a potion of invisibility
Miscellaneous
 T - a phantom mirror (inert)


   Skills:
 - Level 10.0 Fighting
 + Level 16.2 Ranged Weapons
 - Level 5.0 Throwing
 - Level 10.0 Dodging
 - Level 10.0 Stealth
 - Level 10.0 Spellcasting
 + Level 5.2 Conjurations
 - Level 10.0 Hexes
 + Level 8.6 Summonings
 - Level 5.0 Translocations
 - Level 5.0 Fire Magic
 + Level 2.1 Ice Magic
 - Level 10.0 Invocations
 - Level 10.0 Evocations


You couldn't memorise any spells.
You knew the following spells:

 Your Spells              Type           Power      Damage    Failure   Level
a - Jinxbite              Hex            100%       N/A       1%          2
b - Blink                 Tloc           60%        N/A       1%          2
c - Cause Fear            Hex            25%        N/A       1%          4
d - Dimensional Bullseye  Hex/Tloc       20%        N/A       3%          4
e - Metabolic Englaciati  Hex/Ice        17%        N/A       16%         5
f - Inner Flame           Hex/Fire       40%        N/A       1%          3
q - Summon Ice Beast      Ice/Summ       31%        N/A       2%          3
s - Sigil of Binding      Hex            50%        N/A       1%          3
w - Summon Mana Viper     Hex/Summ       47%        N/A       4%          5
z - Frozen Ramparts       Ice            36%        1d6       9%          3

Your spell library contained the following spells:

 Spells                   Type           Power      Damage    Failure   Level
 Apportation              Tloc           60%        N/A       1%          1
 Magic Dart               Conj           100%       1d8       1%          1
 Call Imp                 Summ           88%        N/A       1%          2
 Scorch                   Fire           60%        2d7       1%          2
 Searing Ray              Conj           60%        2d6       1%          2
 Freeze                   Ice            72%        1d8       2%          1
 Volatile Blastmotes      Fire/Tloc      60%        2d15      2%          3
 Hailstorm                Conj/Ice       24%        3d7       4%          3
 Ozocubu's Armour         Ice            18%        N/A       9%          3
 Flame Wave               Conj/Fire      30%        2d9       9%          4
 Iskenderun's Mystic Bla  Conj/Tloc      30%        2d8       9%          4
 Iskenderun's Battlesphe  Conj           30%        2d8       22%         5
 Brom's Barrelling Bould  Conj/Erth      20%        2d4       24%         4
 Fulminant Prism          Conj/Alch      10%        3d9       24%         4
 Fireball                 Conj/Fire      15%        3d8       24%         5
 Summon Cactus Giant      Summ           22%        N/A       30%         6
 Monstrous Menagerie      Summ           22%        N/A       86%         7
 Alistair's Intoxication  Alch           6%         N/A       88%         5
 Conjure Ball Lightning   Conj/Air       10%        3x3d6     98%         6
 Sculpt Simulacrum        Ice/Alch       7%         N/A       100%        6
 Orb of Destruction       Conj           15%        9d7       100%        7
 Discord                  Hex            25%        N/A       100%        8
 Disjunction              Tloc           15%        N/A       100%        8


Dungeon Overview and Level Annotations

Branches:
Dungeon (14/15)            Temple (1/1) D:4            Lair (5/5) D:11
  Swamp (4/4) Lair:3        Snake (0/4) Lair:3        Slime (0/5) Lair:4
    Orc (0/2) D:10         Bailey (visited)           IceCv (visited)
 Vaults: D:13-14

Altars:
Ashenzari
Cheibriados
Dithmenos
Elyvilon
Fedhas
Gozag
Hepliaklqana
Kikubaaqudgha
Makhleb
Nemelex Xobeh
Okawaru
Qazlal
Ru
Sif Muna
Trog
Uskayaw
Vehumet
Wu Jian
Xom
Yredelemnul
Zin
The Shining One
Jiyva

Shops:
D:9 ??*   D:12 [

Annotations:
D:14 Nessos


Message History

g - Guard the area. f - Follow me.
Anything else - Cancel.
Gang up on whom?
Press: ? - help, Dir - move target, f/p - ten-headed hydra
Aim: a ten-headed hydra Attack!
The ten-headed hydra barely misses you. The ten-headed hydra bites you!
The ten-headed hydra bites you.
The ten-headed hydra completely misses you. x2
The ten-headed hydra barely misses you.
The ten-headed hydra completely misses you.
The ten-headed hydra bites you but does no damage.
The ten-headed hydra bites you.
The ten-headed hydra bites you but does no damage.
Your ten-headed hydra bites the ten-headed hydra. x6
Your ten-headed hydra bites the ten-headed hydra! x2
Your ten-headed hydra barely misses the ten-headed hydra.
Your ten-headed hydra bites the ten-headed hydra!
The spriggan rider hits you from afar with a +0 spear!!
* * * LOW HITPOINT WARNING * * *
Your mana viper completely misses the spriggan air mage.
Okay, then.
As you read the scroll of fear, it crumbles to dust.
You assume a fearsome visage.
The ten-headed hydra resists with almost no effort.
The spriggan air mage resists with some effort.
The spriggan rider easily resists.
The spriggan looks frightened!
Your mana viper closely misses the spriggan rider.
Your ten-headed hydra bites the ten-headed hydra! x2
Your ten-headed hydra bites the ten-headed hydra.
Your ten-headed hydra bites the ten-headed hydra!
The ten-headed hydra dies!
Your ten-headed hydra bites the spriggan rider.
Your ten-headed hydra barely misses the spriggan rider.
Your ten-headed hydra bites the spriggan rider.
Your ten-headed hydra barely misses the spriggan rider.
Your ten-headed hydra closely misses the spriggan rider.
Your ten-headed hydra misses the spriggan rider.
The spriggan air mage waves its arms in wide circles.
The air twists around and strikes you!
You die...

♣♣ ♣♣♣♣♣♣♣ ♣♣~♣♣♣§. ~.♣~.~♣♣♣
♣~~<..~~ ♣...♣ ~.♣@i~~♣♣ ♣~§~~i~~
♣.~~♣ ~.♣♣†R.Y♣♣♣~..i~i~.~
♣♣♣~~~♣ ♣~♣♣DiS.~.♣♣.....~.~
♣♣~...~♣♣♣♣♣♣♣~.♣♣.~.~.♣♣".....~.
~..~~~.~♣~♣♣...♣♣♣...~i♣~..<.♣♣~.
...~~~~.~..~.....~~....~~~~~.♣ ~♣
~.~~~~~~♣...~~♣♣~♣♣♣.♣♣.♣~~~§. .~
~~~~.♣ ♣♣~.~~~♣♣♣ .~.♣♣♣ ~~
~~~.♣♣♣ ♣♣..(.♣♣ .~~.♣ .


You could see the friendly Deeper Elf the knight, a spriggan rider (distracted),
a spriggan air mage (repels missiles, magic disrupted), a spriggan (fleeing), a
friendly ten-headed hydra (summoned, drained), a friendly mana viper (summoned)
and a friendly ice beast (summoned).

Vanquished Creatures
  Rupert (Lair:5)
  Gastronok (D:9)
  2 azure jellies (IceCv)
  A fenstrider witch (Swamp:4)
  A quicksilver ooze (IceCv)
  An eleionoma (Swamp:3)
  A bunyip (Swamp:2)
  A shambling mangrove (Swamp:3)
  3 hydras
  4 centaur warriors
  8 alligators
  3 two-headed ogres
  A spriggan berserker (Swamp:3)
  5 death yaks (Lair:2)
  Urug (D:13)
  Sonja (D:11)
  2 skysharks
  2 goliath frogs
  A spriggan druid (Swamp:3)
  2 bog bodies
  Pikel (D:6)
  9 ugly things
  2 will-o-the-wisps (Swamp:1)
  A salamander (shapeshifter) (D:13)
  4 cyclopes
  13 elephants
  3 black mambas
  Maggie (D:9)
  Jeremiah (D:7)
  15 cane toads
  6 komodo dragons
  A rime drake (Lair:3)
  An efreet (D:13)
  7 tyrant leeches
  3 trolls
  2 polar bears
  A bloated husk (Swamp:3)
  A queen bee (Lair:2)
  3 hornets
  Prince Ribbit (Bailey)
  23 blink frogs
  11 slime creatures
  7 wyverns
  31 yaks
  A spriggan (Swamp:3)
  Sigmund (D:3)
  A wraith (D:9)
  A shadow (D:13)
  8 humans (Bailey)
  2 basilisks (Lair:5)
  3 steam dragons
  10 vampire mosquitoes
  Edmund (D:7)
  4 acid dragons
  11 swamp worms
  6 great orb of eyes simulacra (IceCv)
  3 nagas (Lair:3)
  13 water moccasins
  Duvessa (D:6)
  2 ice beasts
  4 orc warriors
  3 sky beasts
  2 black bears
  5 centaurs
  8 wolves
  2 phantoms
  6 slime creature simulacra (IceCv)
  2 kobold brigands
  Blork the orc (D:4)
  3 glowing shapeshifter simulacra (IceCv)
  21 bullfrogs
  2 gnoll sergeants
  6 scorpions
  2 wights (D:10)
  29 killer bees
  5 electric eels
  2 howler monkeys (D:8)
  3 bombardier beetles
  10 orc priests
  2 jellies
  A sleepcap (D:7)
  9 hounds
  Crazy Yiuf (D:5)
  A gnoll bouda (D:6)
  Terence (D:3)
  An iguana (D:5)
  Ijyb (D:3)
  Natasha (thrice) (D:3)
  12 orc wizards
  A shapeshifter simulacrum (IceCv)
  Robin (D:4)
  8 adders
  10 gnolls
  A shadow imp (D:7)
  11 white imps
  4 dart slugs
  43 orcs
  7 ball pythons
  6 endoplasms
  3 giant cockroaches
  14 hobgoblins
  A jackal (D:4)
  4 quokkas
  4 bats
  9 frilled lizards
  24 goblins
  27 kobolds
  7 rats
591 creatures vanquished.

Vanquished Creatures (collateral kills)
  Roxanne (Swamp:1)
  A quicksilver ooze (IceCv)
  4 hydras
  Erolcha (D:11)
  A ghost crab (Swamp:1)
  An alligator (Swamp:1)
  A skyshark (Lair:3)
  Nergalle (Lair:1)
  2 goliath frogs
  2 ugly things (D:12)
  A cyclops (D:12)
  An ice statue (IceCv)
  4 elephants (Lair:4)
  4 cane toads
  An unseen horror (D:12)
  2 komodo dragons
  A troll (D:11)
  5 blink frogs (Lair:5)
  4 tyrant leeches
  A polar bear (Lair:5)
  A hornet (Swamp:3)
  7 slime creatures
  A shadow (D:13)
  A spriggan (Swamp:3)
  3 yaks
  A basilisk (D:13)
  A wyvern (Lair:3)
  A steam dragon (D:6)
  2 vampire mosquitoes
  3 swamp worms
  A great orb of eyes simulacrum (IceCv)
  An acid dragon (D:12)
  An orc warrior (D:11)
  A wolf (Lair:1)
  A kobold brigand (D:10)
  3 wights (D:10)
  A glowing shapeshifter simulacrum (IceCv)
  Dowan (D:6)
  6 killer bees
  An orc priest (D:10)
  A sleepcap (D:6)
  2 orc wizards (D:10)
  3 gnolls
  2 white imps (Lair:2)
  A ribbon worm (D:6)
  2 orcs
  2 kobolds (D:10)
90 creatures vanquished.

Vanquished Creatures (others)
  A slime creature (D:14)
  11 knights
  5 ancestors
  3 gnolls (D:6)
  6 foxfires (Swamp:1)
26 creatures vanquished.

Grand Total: 707 creatures vanquished

Notes
Turn   | Place    | Note
-------+----------+-------------------------------------------
     0 | D:1      | KKCryptic the Deep Elf Hexslinger began the quest for the
                  | Orb.
     0 | D:1      | Reached XP level 1. HP: 11/11 MP: 5/5
    59 | D:1      | Reached skill level 3 in Ranged Weapons
    95 | D:1      | Reached XP level 2. HP: 16/16 MP: 6/6
   174 | D:1      | Reached skill level 4 in Ranged Weapons
   459 | D:1      | Reached XP level 3. HP: 18/20 MP: 7/7
   655 | D:1      | Reached skill level 5 in Ranged Weapons
   968 | D:2      | Learned a level 2 spell: Jinxbite
   972 | D:2      | Learned a level 3 spell: Sigil of Binding
  1715 | D:3      | Identified the +7 ring mail "Emnest" {-Tele Int+4 Dex+2}
  1755 | D:3      | Reached XP level 4. HP: 24/24 MP: 5/8
  1855 | D:3      | Noticed Terence
  1865 | D:3      | Killed Terence
  1866 | D:3      | Reached skill level 6 in Ranged Weapons
  1924 | D:3      | Noticed Ijyb
  1946 | D:3      | Killed Ijyb
  2014 | D:3      | Noticed Sigmund
  2082 | D:3      | Killed Sigmund
  2083 | D:3      | Reached skill level 8 in Ranged Weapons
  2083 | D:3      | Reached XP level 5. HP: 16/28 MP: 1/9
  2083 | D:3      | Reached XP level 6. HP: 19/33 MP: 1/10
  2228 | D:3      | Found a faded altar of an unknown god.
  2382 | D:3      | Noticed Natasha
  2387 | D:3      | Killed Natasha
  2593 | D:3      | Noticed Natasha
  2605 | D:3      | Killed Natasha
  2862 | D:3      | Noticed Natasha
  2871 | D:3      | Killed Natasha
  2872 | D:3      | Reached skill level 1 in Fighting
  2935 | D:4      | Reached skill level 1 in Evocations
  3002 | D:4      | Noticed Robin
  3033 | D:4      | Killed Robin
  3053 | D:4      | Reached XP level 7. HP: 27/38 MP: 1/12
  3261 | D:4      | Noticed Blork the orc
  3267 | D:4      | Killed Blork the orc
  3268 | D:4      | Reached skill level 9 in Ranged Weapons
  3268 | D:4      | Reached skill level 5 in Hexes
  3318 | D:4      | Found a staircase to the Ecumenical Temple.
  3327 | Temple   | Entered the Ecumenical Temple
  3397 | Temple   | Became a worshipper of Elyvilon the Healer
  4186 | D:5      | Entered Level 5 of the Dungeon
  4225 | D:5      | Learned a level 4 spell: Cause Fear
  4324 | D:5      | Reached * piety under Elyvilon
  4330 | D:5      | Reached XP level 8. HP: 43/43 MP: 7/16
  4517 | D:5      | Reached skill level 5 in Spellcasting
  4793 | D:5      | Found a runed translucent door.
  4794 | D:5      | Noticed Crazy Yiuf
  4816 | D:5      | Killed Crazy Yiuf
  4951 | D:5      | Reached skill level 1 in Stealth
  4962 | D:5      | Found a snail-covered altar of Cheibriados.
  5069 | D:5      | Reached skill level 10 in Ranged Weapons
  5237 | D:6      | Noticed Edmund
  5291 | D:7      | Noticed Jeremiah
  5299 | D:7      | Noticed a troll
  5313 | D:7      | Found a flagged portal.
  5329 | D:7      | Killed a troll
  5330 | D:7      | Reached skill level 5 in Evocations
  5419 | Bailey   | Entered a bailey
  5419 | Bailey   | Reached ** piety under Elyvilon
  5506 | Bailey   | Reached XP level 9. HP: 43/49 MP: 18/18
  5614 | Bailey   | Reached skill level 5 in Stealth
  5884 | Bailey   | Noticed Prince Ribbit
  5899 | Bailey   | Reached skill level 10 in Hexes
  5905 | Bailey   | Reached skill level 5 in Fighting
  5912 | Bailey   | Killed Prince Ribbit
  5913 | Bailey   | Reached skill level 1 in Invocations
  5963 | Bailey   | Noticed a vault guard
  6044 | D:7      | Killed Jeremiah
  6045 | D:7      | Reached XP level 10. HP: 44/59 MP: 19/19
  6557 | D:8      | Noticed a two-headed ogre
  6572 | D:8      | Killed a two-headed ogre
  6573 | D:8      | Reached skill level 1 in Translocations
  6762 | D:8      | Found a hazy altar of Hepliaklqana.
  6771 | D:8      | Fell from the grace of Elyvilon
  6771 | D:8      | Became a worshipper of Hepliaklqana the Forgotten
  6865 | D:8      | Reached skill level 5 in Dodging
  6873 | D:8      | Learned a level 2 spell: Blink
  6877 | D:8      | Learned a level 3 spell: Inner Flame
  6882 | D:8      | Learned a level 4 spell: Dimensional Bullseye
  7232 | D:8      | Reached skill level 11 in Ranged Weapons
  7506 | D:9      | Found Cuker's Magic Scroll Shop.
  7506 | D:9      | Found Nucret's Magic Scroll Emporium.
  7642 | D:9      | Noticed Gastronok
  7653 | D:9      | Found Vukipiha's General Store.
  7664 | D:9      | Found a transporter.
  7785 | D:9      | Reached skill level 5 in Fire Magic
  7899 | D:9      | Reached * piety under Hepliaklqana
  7912 | D:9      | Bought a scroll of fog for 68 gold pieces
  7912 | D:9      | Bought a scroll of enchant weapon for 127 gold pieces
  7912 | D:9      | Bought a scroll of teleportation for 51 gold pieces
  7983 | D:9      | Reached skill level 5 in Invocations
  7993 | D:9      | Reached XP level 11. HP: 50/56 MP: 14/20
  7994 | D:9      | Found a burning altar of Makhleb.
  8159 | D:9      | Noticed Maggie
  8175 | D:9      | Killed Maggie
  8176 | D:9      | Reached skill level 12 in Ranged Weapons
  8183 | D:9      | Reached skill level 5 in Translocations
  8405 | D:9      | Killed Gastronok
  8590 | D:7      | Killed Edmund
  8615 | D:6      | Noticed Pikel
  8625 | D:6      | Killed Pikel
  8629 | D:6      | Noticed Duvessa
  8629 | D:6      | Noticed Dowan
  8640 | D:6      | Killed Duvessa
  8657 | D:6      | Killed Dowan
  9659 | D:10     | Entered Level 10 of the Dungeon
  9914 | D:10     | Found a staircase to the Orcish Mines.
 10155 | D:10     | Reached ** piety under Hepliaklqana
 10156 | D:10     | Remembered your ancestor Deeper Elf as a knight
 10301 | D:10     | Found a broken altar of Ashenzari.
 10301 | D:10     | Noticed a two-headed ogre
 10309 | D:10     | Killed a two-headed ogre
 10312 | D:10     | Found a stormy altar of Qazlal.
 10312 | D:10     | Found a shimmering altar of Xom.
 10960 | D:11     | Noticed Sonja
 10965 | D:11     | Killed Sonja
 10966 | D:11     | Reached skill level 13 in Ranged Weapons
 11415 | D:11     | Noticed Erolcha
 11428 | D:11     | Killed Erolcha
 11562 | D:11     | Found a staircase to the Lair.
 11587 | D:11     | Reached XP level 12. HP: 34/63 MP: 25/25
 11962 | D:12     | Noticed a centaur warrior
 11968 | D:12     | Killed a centaur warrior
 12052 | D:12     | Found Toaseox's Antique Armour Emporium.
 12065 | D:12     | Bought a pair of scorched gloves for 266 gold pieces
 12065 | D:12     | Identified the +1 pair of gloves of Toehag {Regen+ Str+2}
                  | (You bought it in a shop on level 12 of the Dungeon)
 12223 | D:12     | Noticed a centaur warrior
 12230 | D:12     | Killed a centaur warrior
 12286 | D:12     | Found a hide-covered altar of Uskayaw.
 12331 | D:12     | Noticed a centaur warrior
 12338 | D:12     | Killed a centaur warrior
 12341 | D:12     | Reached *** piety under Hepliaklqana
 12454 | D:12     | Noticed a two-headed ogre
 12464 | D:12     | Killed a two-headed ogre
 12709 | D:13     | Reached skill level 14 in Ranged Weapons
 12804 | D:13     | Noticed Urug
 12812 | D:13     | Killed Urug
 12922 | D:13     | Noticed a centaur warrior
 12928 | D:13     | Killed a centaur warrior
 13198 | D:14     | Reached XP level 13. HP: 68/68 MP: 27/27
 13366 | D:14     | Noticed Nessos
 13518 | Lair:1   | Entered Level 1 of the Lair of Beasts
 13538 | Lair:1   | Reached skill level 1 in Throwing
 13916 | Lair:1   | Noticed Nergalle
 13925 | Lair:1   | Killed Nergalle
 14270 | Lair:2   | Reached **** piety under Hepliaklqana
 14330 | Lair:2   | Reached skill level 15 in Ranged Weapons
 14547 | Lair:2   | Found a frozen archway.
 14567 | IceCv    | Entered an ice cave
 14650 | IceCv    | Noticed a quicksilver ooze
 14655 | IceCv    | Killed a quicksilver ooze
 14717 | IceCv    | Reached skill level 10 in Evocations
 14743 | IceCv    | Noticed a quicksilver ooze
 14754 | IceCv    | Killed a quicksilver ooze
 14755 | IceCv    | Reached skill level 10 in Invocations
 14846 | IceCv    | Found a viscous altar of Jiyva.
 14846 | IceCv    | Noticed an azure jelly
 14855 | IceCv    | Killed an azure jelly
 14858 | IceCv    | Noticed an azure jelly
 14870 | IceCv    | Killed an azure jelly
 14871 | IceCv    | Reached skill level 1 in Summonings
 14879 | IceCv    | Identified the amulet of Hitot {Acrobat rF+ rCorr Dex+6}
 14894 | IceCv    | Got the Compendium of the Crevasse
 15190 | Lair:2   | Reached XP level 14. HP: 75/75 MP: 28/28
 16150 | Lair:3   | Found a staircase to the Snake Pit.
 16421 | Lair:3   | Found a staircase to the Swamp.
 16576 | Lair:4   | Reached ***** piety under Hepliaklqana
 16825 | Lair:4   | Reached skill level 5 in Throwing
 16878 | Lair:4   | Found a staircase to the Slime Pits.
 16879 | Lair:4   | Found a viscous altar of Jiyva.
 17373 | Lair:5   | Entered Level 5 of the Lair of Beasts
 17383 | Lair:5   | Reached skill level 10 in Stealth
 17406 | Lair:5   | Reached skill level 10 in Spellcasting
 17436 | Lair:5   | Identified the amulet of Into Voy {Spirit rCorr Str+4}
 17561 | Lair:5   | Reached skill level 5 in Summonings
 17577 | Lair:5   | Reached skill level 10 in Dodging
 17799 | Lair:5   | Reached XP level 15. HP: 77/81 MP: 31/31
 18042 | Lair:5   | Noticed Rupert
 18072 | Lair:5   | Killed Rupert
 18073 | Lair:5   | Reached skill level 1 in Conjurations
 18549 | Swamp:1  | Entered Level 1 of the Swamp
 18649 | Swamp:1  | Noticed Roxanne
 18726 | Swamp:1  | Killed Roxanne
 18740 | Swamp:1  | Identified the +9 war axe "Gexkaveaki" {spect, Dex+2}
 19254 | Swamp:2  | Reached skill level 10 in Fighting
 19422 | Swamp:2  | You fall into a shaft and drop 1 floor!
 19446 | Swamp:2  | Identified the ring of Midsummer {rC+ Stlth+}
 19462 | Swamp:2  | Learned a level 5 spell: Metabolic Englaciation
 19468 | Swamp:2  | Learned a level 5 spell: Summon Mana Viper
 19472 | Swamp:2  | Learned a level 3 spell: Summon Ice Beast
 19476 | Swamp:2  | Learned a level 3 spell: Frozen Ramparts
 20012 | Swamp:3  | Reached skill level 16 in Ranged Weapons
 20017 | Swamp:3  | Reached skill level 1 in Ice Magic
 20208 | Swamp:4  | Entered Level 4 of the Swamp
 20220 | Swamp:3  | Reached skill level 5 in Conjurations
 20537 | Swamp:4  | Noticed a fenstrider witch
 20554 | Swamp:4  | Killed a fenstrider witch
 20592 | Swamp:4  | Killed from afar by a spriggan air mage

Illustrated notes

Levels and vault maps discovered:
D:1:      lemuel_arrival_cross, layout_loops_corners
D:2:      layout_basic
D:3:      layout_loops_ring, dreamdust_ecumenical_altar_angels_and_demons,
          minmay_lizard_king, uniq_sigmund, uniq_terence, uniq_ijyb,
          uniq_natasha
D:4:      layout_cave_pods, minmay_temple_entry_crystal_x, serial_park,
          serial_park_square2, serial_park_square2, serial_park_gazebo
          [serial_park_minivault_5x5_2], serial_park_square3
          [serial_park_minivault_5x5_3], chequers_serial_rivers_micro_e,
          uniq_robin, uniq_blork_the_orc
D:5:      cheibrodos_quashed, layout_layer_cave, minmay_holes,
          minmay_ruined_shrine, uniq_crazy_yiuf_cottage
D:6:      layout_basic, serial_bayou, serial_bayou_pond_a,
          serial_bayou_lagoon_a, serial_bayou_pond_a, serial_bayou_shore_b,
          portal_sewer_entry_c, uniq_pikel, uniq_edmund, uniq_duvessa
D:7:      layout_rooms, enter_bailey_3, uniq_jeremiah
D:8:      layout_loops_ring, overflow_temple_1_default,
          chequers_serial_rivers_micro_b
D:9:      layout_rooms, mainiacjoe_overflow_alcove_4, serial_shops, shop,
          nicolae_shop_tiny_glass, nicolae_shop_temple_entry_statues_fountains,
          chequers_serial_rivers_small_a, minivault_20, serial_bayou_pond_b,
          nicolae_diode_basic, uniq_gastronok, uniq_maggie
D:10:     layout_stronghold, chequers_temple_overflow_statue_of_worship,
          erik_orc_2
D:11:     layout_loops_corners, david_lair_shrubbed, uniq_erolcha, uniq_sonja
D:12:     layout_roguey, serial_shops, shop, minmay_misc_feat_rows,
          nicolae_uskayaw_dance_hall
D:13:     layout_rooms, uniq_urug
D:14:     layout_roguey, erik_vaults_1, hangedman_decor_peaks_small,
          minmay_shop_chei, serial_library_hellmonk_small_corner,
          dk_noncrumbling_2, uniq_nessos
Temple:   minmay_temple_bridge_d
Lair:1:   layout_hall_layers, uniq_nergalle
Lair:2:   layout_hall_layers, portal_ice_cave_entry_imps, special_room
          [special_room_bee], lemuel_fruit_tree, grunt_megastairs_2,
          infiniplex_staircase_pool
Lair:3:   layout_gridlike, palyth_hydra_swamp_entry, guppyfry_snake_entry_island
Lair:4:   layout_gridlike, slime_entry_1
Lair:5:   minmay_lair_end_frog_pond, layout_loops_ring, serial_bayou_shore_a,
          serial_bayou_shore_b, uniq_rupert
Swamp:1:  layout_falls_marsh, nicolae_swamp_well_well_well, swamp_pool_1_2,
          uniq_roxanne
Swamp:2:  layout_falls_marsh, nicolae_swamp_oxbows, swamp_pool_4,
          nicolae_swamp_reclaimed_castle
Swamp:3:  layout_basic_swamp, hangedman_swamp_pad
Swamp:4:  swamp_icy, layout_basic_swamp, nicolae_swamp_hydra_murder_den

Skill      XL: |  1  2  3  4  5  6  7  8  9 10 11 12 13 14 15 |
---------------+----------------------------------------------+-----
Ranged Weapons | 3 4 5 8 9 10 11 13 14 15 16 | 16.2
Fighting       | 1 2 5 6 7 8 9 10 | 10.0
Spellcasting   | 2 4 5 7 8 10 | 10.0
Evocations     | 1 3 5 7 10 | 10.0
Dodging        | 3 5 7 8 10 | 10.0
Fire Magic     | 2 5 |  5.0
Hexes          | 5 7 10 | 10.0
Stealth        | 3 5 7 8 10 | 10.0
Invocations    | 1 5 7 10 | 10.0
Translocations | 4 5 |  5.0
Throwing       | 3 5 |  5.0
Summonings     | 1 6 8 |  8.6
Conjurations   | 5 |  5.2
Ice Magic      | 2 |  2.1

Action                     |  1- 3 |  4- 6 |  7- 9 | 10-12 | 13-15 || total
---------------------------+-------+-------+-------+-------+-------++-------
   Fire: Sling             |   131 |   125 |   416 |   711 |       ||  1383
         Orcbow            |       |       |       |   285 |  1267 ||  1552
  Throw: Dart              |       |       |     4 |    14 |       ||    18
         Javelin           |       |       |       |       |     7 ||     7
   Cast: Jinxbite          |     7 |    15 |    43 |    39 |       ||   104
         Sigil of Binding  |       |     6 |    15 |     8 |     1 ||    30
         Cause Fear        |       |       |    10 |     3 |     7 ||    20
         Inner Flame       |       |       |       |    11 |     3 ||    14
         Blink             |       |       |       |     3 |     4 ||     7
         Dimensional Bulls |       |       |       |     2 |       ||     2
         Summon Ice Beast  |       |       |       |       |     2 ||     2
         Metabolic Englaci |       |       |       |       |     2 ||     2
         Summon Mana Viper |       |       |       |       |     2 ||     2
 Invoke: Ancestor Identity |       |       |       |     1 |       ||     1
         Ancestor Life: Kn |       |       |       |     1 |       ||     1
         Recall Ancestor   |       |       |       |     1 |     1 ||     2
         Idealise          |       |       |       |       |     2 ||     2
  Evoke: Wand              |       |       |     2 |     1 |     1 ||     4
         Phantom mirror    |       |       |       |       |     1 ||     1
    Use: Scroll            |     2 |       |    10 |    16 |    13 ||    41
         Potion            |       |       |     1 |       |     5 ||     6
 Armour: Robe              |    20 |    38 |    74 |   188 |   144 ||   464
         Skin              |       |     1 |     2 |       |       ||     3
         Leather armour    |       |       |   129 |       |       ||   129
  Dodge: Dodged            |    32 |    59 |   194 |   211 |   275 ||   771
